 Dungeon Crawl Stone Soup version 0.29.0-4-gdea44cf6ec (webtiles) character file.

Game seed: 5093581687517966206

14641 qw the Severer (level 10, -7/95 HPs)
             Began as a Minotaur Fighter on Sept 5, 2022.
             Was an Elder of Ru.
             Killed from afar by an oklob plant (32 damage)
             ... with a splash of acid
             ... on level 1 of the Lair of Beasts.
             The game lasted 00:05:47 (13920 turns).

qw the Severer (Minotaur Fighter)                  Turns: 13920, Time: 00:05:48

Health: -7/95      AC: 14    Str: 26    XL:     10   Next: 91%
Magic:  0/9        EV: 12    Int:  5    God:    Ru [****..]
Gold:   610        SH:  5    Dex:  9    Spells: 9/9 levels left

rFire   . . .      SeeInvis +   Y - +0 war axe
rCold   . . .      Faith    .   c - +0 buckler
rNeg    . . .      Spirit   +   n - +0 plate armour
rPois   .          Reflect  .   g - +1 hat
rElec   .          Harm     .   r - +0 cloak
rCorr   .          Rampage  .   (no gloves)
Will    .....                   (no boots)
Stlth   ..........              a - amulet of guardian spirit
HPRegen 0.25/turn               t - ring of see invisible
MPRegen 0.11/turn               q - +4 ring of evasion

@: corroded
A: horns 2, hated by all, no hexes magic, no ice magic, no necromancy magic,
inexperienced 1, retaliatory headbutt, iridescent scales 1, no potion heal 1,
subdued magic 1
a: Renounce Religion, Draw Out Power, Power Leap


You were on level 1 of the Lair of Beasts.
You worshipped Ru.
Ru was greatly pleased with you.
You visited 3 branches of the dungeon, and saw 12 of its levels.

You collected 779 gold pieces.
You spent 169 gold pieces at shops.


Innate Abilities, Weirdness & Mutations

You have a pair of horns on your head.
You are hated by all.
You cannot study or cast Hexes magic.
You cannot study or cast Ice magic.
You cannot study or cast Necromancy magic.
You are somewhat inexperienced. (-1 XL)
You reflexively headbutt those who attack you in melee.
You are partially covered in iridescent scales. (AC +2)
Potions are less effective at restoring your health.
Your spells are a little easier to cast, but a little less powerful.


   Skills:
 - Level 11.0 Fighting
 - Level 17.0 Axes
 - Level 1.8 Throwing
 + Level 9.6 Armour
 - Level 3.3 Dodging
 - Level 7.1 Shields


You had 9 spell levels left.
You didn't know any spells.
Your spell library was empty.

Inventory:

Hand Weapons
 j - a +0 morningstar
 Y - a +0 war axe (weapon)
Armour
 c - a +0 buckler (worn)
 g - a +1 hat (worn)
 k - a +0 pair of gloves
 n - a +0 plate armour (worn)
 r - a +0 cloak (worn)
Jewellery
 a - an amulet of guardian spirit (around neck)
 q - a +4 ring of evasion (right hand)
 s - a ring of positive energy
 t - a ring of see invisible (left hand)
 w - a ring of willpower
Scrolls
 b - 3 scrolls of teleportation
 l - 2 scrolls of identify
 p - a scroll of brand weapon {unknown}
Potions
 d - 5 potions of might
 e - a potion of heal wounds
 f - a potion of resistance
 h - 2 potions of haste
 i - 4 potions of curing
 m - a potion of berserk rage {unknown}
 o - a potion of cancellation

Dungeon Overview and Level Annotations

Branches:
Dungeon (10/15)            Temple (1/1) D:5            Lair (1/5) D:9
    Orc: D:9-12

Altars:
Ashenzari
Cheibriados
Dithmenos
Elyvilon
Kikubaaqudgha
Makhleb
Nemelex Xobeh
Qazlal
Ru
Sif Muna
Trog
Wu Jian
Zin
The Shining One

Shops:
D:3 (   D:4 (   D:10 ?

Annotations:
D:3 Ijyb
D:4 2 transporters, qw's ghost, amateur MiFi
D:7 1 runed translucent door, Crazy Yiuf


Message History

The oklob plant spits acid at you. The splash of acid hits you!
You hit the oklob plant but do no damage.
The oklob plant is moderately damaged.
The oklob plant spits acid at you. The splash of acid hits you!
The oklob plant begins to attack, but is stunned by your conviction!
You hit the oklob plant.
The oklob plant is moderately damaged.
You hit the oklob plant.
The oklob plant is heavily damaged.
You slash the oklob plant!
The oklob plant is severely damaged.
The oklob plant spits acid at you. The splash of acid hits you.
The acid corrodes you!
You hit the oklob plant but do no damage.
The oklob plant is severely damaged.
You hit the oklob plant but do no damage.
The oklob plant is severely damaged.
You redirect the oklob plant's attack!
You hit the oklob plant.
You headbutt the oklob plant, but do no damage.
The oklob plant is almost destroyed.
You redirect the oklob plant's attack!
You hit the oklob plant. You headbutt the oklob plant.
You destroy the oklob plant!
The oklob plant spits acid at you. The splash of acid hits you!!
The oklob plant spits acid at you. The splash of acid hits you!
The acid corrodes you!
You see here 17 gold pieces.
You hit the oklob plant but do no damage.
You hit the oklob plant but do no damage.
You headbutt the oklob plant, but do no damage.
You hit the oklob plant.
You headbutt the oklob plant, but do no damage.
The oklob plant is lightly damaged.
The oklob plant spits acid at you. The splash of acid hits you!!
You die...

77777.7 ..........
7.7..777............
7.77777............
7.7.7.77...##P+##.P.
7777.7.7.... #.##.##
77777.77...###.##.##
7$7..777....#P.....#
7$$.77 7...P##.....#
7._@7 7...........#
77.$P7 7...#######.#


77777 7...## ### #....######## #............ #.............. .................
..............>.. ................. You could see an oklob plant.

Vanquished Creatures
  A hydra (Lair:1)
  2 two-headed ogres
  2 oklob plants (Lair:1)
  A manticore (D:10)
  Joseph (D:7)
  A gargoyle (D:9)
  An unseen horror (D:10)
  3 komodo dragons (Lair:1)
  A slime creature (D:9)
  11 yaks
  Sigmund (D:3)
  2 wraiths (D:9)
  10 wyverns
  A basilisk (D:9)
  A vampire mosquito (D:9)
  A steam dragon (D:8)
  6 water moccasins
  2 acid dragons (D:9)
  A black bear (Lair:1)
  3 orc warriors
  3 ice beasts
  A sky beast (D:7)
  3 ogres
  3 wolves (D:9)
  10 centaurs
  A phantom (D:6)
  4 kobold brigands
  Blork the orc (D:6)
  3 scorpions
  5 bullfrogs
  2 gnoll sergeants
  12 wights
  2 killer bees (D:9)
  8 howler monkeys
  4 hounds
  4 orc priests
  A jelly (D:8)
  Terence (D:3)
  5 iguanas
  Natasha (thrice) (D:2)
  13 orc wizards
  14 gnolls
  5 adders
  A white imp (D:7)
  An ufetubus (D:5)
  4 worms
  2 dart slugs
  26 orcs
  5 ball pythons
  6 bats
  5 endoplasms
  4 giant cockroaches
  9 goblins
  7 hobgoblins
  6 jackals (D:2)
  19 kobolds
  6 quokkas
  5 frilled lizards
  10 rats
276 creatures vanquished.

Vanquished Creatures (others)
  4 fungi
  15 plants
19 creatures vanquished.

Grand Total: 295 creatures vanquished

Notes
Turn   | Place    | Note
-------+----------+-------------------------------------------
     0 | D:1      | qw the Minotaur Fighter began the quest for the Orb.
     0 | D:1      | Reached XP level 1. HP: 19/19 MP: 0/0
     0 | D:1      | 0 ||| qw: Version: 0.1-a-104-g96f76f8
     0 | D:1      | 0 ||| qw: Game counter: 5870
     0 | D:1      | 0 ||| qw: Always use a shield: true
     0 | D:1      | 0 ||| qw: God list: Ru
     0 | D:1      | 0 ||| qw: Allow faded altars: false
     0 | D:1      | 0 ||| qw: Do Orc after D:15 true
     0 | D:1      | 0 ||| qw: Do second Lair branch before Depths: true
     0 | D:1      | 0 ||| qw: Lair rune preference: random
     0 | D:1      | 0 ||| qw: Plans: Normal
     0 | D:1      | 0 ||| PLANNING D:1-11
     7 | D:1      | Found a faded altar of an unknown god.
    47 | D:1      | Reached skill level 3 in Axes
   122 | D:1      | Reached XP level 2. HP: 26/26 MP: 1/1
   122 | D:1      | 122 ||| Stepping ~*~*~tactically~*~*~ (stealth).
   400 | D:1      | Reached skill level 4 in Axes
   584 | D:1      | 584 ||| DROPPING +0 club.
   858 | D:1      | 858 ||| UPGRADING to +0 chain mail.
   868 | D:1      | 868 ||| DROPPING +0 scale mail.
   869 | D:1      | 869 ||| READING scroll labelled YCIFOJISAU.
   873 | D:1      | 873 ||| READING scroll labelled MUABUE MAUR.
   874 | D:1      | 874 ||| READING scroll labelled OLACVO IMEL.
   875 | D:1      | 875 ||| READING 2 scrolls labelled AQUAM GIFEYCS.
   876 | D:1      | 876 ||| DRINKING 2 viscous ruby potions.
   931 | D:2      | Reached XP level 3. HP: 31/31 MP: 2/2
  1049 | D:2      | 1049 ||| FLEEEEING.
  1050 | D:2      | 1050 ||| FLEEEEING.
  1051 | D:2      | 1051 ||| FLEEEEING.
  1052 | D:2      | 1052 ||| FLEEEEING.
  1053 | D:2      | 1053 ||| FLEEEEING.
  1054 | D:2      | 1054 ||| FLEEEEING.
  1055 | D:2      | 1055 ||| FLEEEEING.
  1056 | D:2      | 1056 ||| FLEEEEING.
  1057 | D:2      | 1057 ||| FLEEEEING.
  1058 | D:2      | 1058 ||| FLEEEEING.
  1059 | D:2      | 1059 ||| FLEEEEING.
  1060 | D:2      | 1060 ||| FLEEEEING.
  1061 | D:2      | 1061 ||| FLEEEEING.
  1066 | D:2      | 1066 ||| FLEEEEING.
  1067 | D:2      | 1067 ||| FLEEEEING.
  1068 | D:2      | 1068 ||| FLEEEEING.
  1072 | D:2      | 1072 ||| FLEEEEING.
  1073 | D:2      | 1073 ||| FLEEEEING.
  1074 | D:2      | 1074 ||| FLEEEEING.
  1079 | D:2      | 1079 ||| FLEEEEING.
  1081 | D:2      | 1081 ||| STAIRDANCE
  1196 | D:2      | 1196 ||| Stepping ~*~*~tactically~*~*~ (hiding).
  1206 | D:2      | Reached skill level 5 in Axes
  1207 | D:2      | Reached XP level 4. HP: 22/39 MP: 3/3
  1337 | D:2      | 1337 ||| DROPPING +0 whip.
  1431 | D:2      | Noticed Natasha
  1438 | D:2      | Killed Natasha
  1673 | D:2      | Reached skill level 6 in Axes
  1723 | D:2      | Noticed Natasha
  1731 | D:2      | Killed Natasha
  1732 | D:2      | Reached skill level 1 in Dodging
  1732 | D:2      | Reached XP level 5. HP: 40/45 MP: 4/4
  2182 | D:2      | Noticed Natasha
  2188 | D:2      | Killed Natasha
  2369 | D:2      | 2369 ||| UPGRADING to +1 hat.
  2374 | D:2      | 2374 ||| READING scroll labelled PUIRIY DOIRIOD.
  2375 | D:2      | 2375 ||| READING 3 scrolls of identify.
  2375 | D:2      | 2375 ||| IDENTIFYING lumpy clear potion
  2376 | D:2      | 2376 ||| READING 2 scrolls of identify.
  2376 | D:2      | 2376 ||| IDENTIFYING bubbling grey potion
  2377 | D:2      | 2377 ||| DROPPING potion of brilliance.
  2424 | D:3      | 2424 ||| Stepping ~*~*~tactically~*~*~ (stealth).
  2442 | D:3      | Noticed Ijyb
  2498 | D:3      | 2498 ||| Stepping ~*~*~tactically~*~*~ (stealth).
  2565 | D:3      | Found Anoenuc's Weapon Shoppe.
  2573 | D:3      | 2573 ||| SHOPLISTING +6 demon whip of Past Mistakes {drain,
                  | Str+4} (868 gold, have 97).
  2584 | D:3      | 2584 ||| Stepping ~*~*~tactically~*~*~ (stealth).
  2622 | D:3      | Reached skill level 7 in Axes
  2737 | D:3      | Noticed Sigmund
  2747 | D:3      | Killed Sigmund
  2748 | D:3      | Reached XP level 6. HP: 42/56 MP: 5/5
  3182 | D:3      | Found a burning altar of Makhleb.
  3182 | D:3      | Found a broken altar of Ashenzari.
  3213 | D:3      | Noticed Terence
  3217 | D:3      | Killed Terence
  3361 | D:3      | 3361 ||| UPGRADING to +0 plate armour.
  3371 | D:3      | 3371 ||| DROPPING +0 chain mail.
  3372 | D:3      | 3372 ||| UPGRADING to ring of positive energy.
  3373 | D:3      | 3373 ||| DROPPING +6 ring of intelligence.
  3374 | D:3      | 3374 ||| READING scroll labelled LUBBO BOPSYROE.
  3533 | D:4      | 3533 ||| Stepping ~*~*~tactically~*~*~ (stealth).
  3540 | D:4      | Found a transporter.
  3540 | D:4      | Noticed qw's ghost (amateur MiFi)
  3541 | D:4      | Found a transporter.
  3627 | D:4      | 3627 ||| Stepping ~*~*~tactically~*~*~ (hiding).
  3914 | D:4      | Reached XP level 7. HP: 60/61 MP: 6/6
  3920 | D:4      | Reached skill level 8 in Axes
  4182 | D:4      | Reached skill level 9 in Axes
  4275 | D:4      | 4275 ||| Stepping ~*~*~tactically~*~*~ (stealth).
  4278 | D:4      | 4278 ||| Stepping ~*~*~tactically~*~*~ (stealth).
  4279 | D:4      | 4279 ||| Stepping ~*~*~tactically~*~*~ (hiding).
  4280 | D:4      | 4280 ||| Stepping ~*~*~tactically~*~*~ (stealth).
  4283 | D:4      | 4283 ||| Stepping ~*~*~tactically~*~*~ (hiding).
  4296 | D:4      | Reached skill level 10 in Axes
  4453 | D:4      | 4453 ||| Stepping ~*~*~tactically~*~*~ (hiding).
  4454 | D:4      | 4454 ||| Stepping ~*~*~tactically~*~*~ (hiding).
  4455 | D:4      | 4455 ||| Stepping ~*~*~tactically~*~*~ (hiding).
  4456 | D:4      | 4456 ||| Stepping ~*~*~tactically~*~*~ (hiding).
  4720 | D:4      | Found Etidiy's Antique Weapon Emporium.
  4936 | D:4      | 4936 ||| READING scroll labelled YHASYW DINN.
  4958 | D:5      | Entered Level 5 of the Dungeon
  4962 | D:5      | Found a staircase to the Ecumenical Temple.
  4963 | D:5      | 4963 ||| PLANNING TEMPLE
  4972 | D:5      | Reached XP level 8. HP: 70/70 MP: 7/7
  4979 | D:5      | Reached skill level 6 in Fighting
  5064 | D:5      | 5064 ||| Stepping ~*~*~tactically~*~*~ (stealth).
  5075 | Temple   | Entered the Ecumenical Temple
  5094 | Temple   | Became a worshipper of Ru the Awakened
  5121 | Temple   | 5121 ||| PLANNING D:1-11
  5413 | D:5      | Reached skill level 11 in Axes
  5502 | D:5      | Identified the +9 quarterstaff of Xanifoq {venom, rPois
                  | MP+9 Dex+2 Stlth-}
  5545 | D:5      | Found an ancient bone altar of Kikubaaqudgha.
  5546 | D:5      | Found a blossoming altar of Fedhas.
  5855 | D:5      | 5855 ||| DROPPING amulet of faith.
  5856 | D:5      | 5856 ||| UPGRADING to +4 ring of evasion.
  5857 | D:5      | 5857 ||| UPGRADING to ring of see invisible.
  5859 | D:5      | 5859 ||| READING scroll labelled GABOCR CISI.
  5860 | D:5      | 5860 ||| Stepping randomly (stuck).
  5861 | D:5      | 5861 ||| Stepping ~*~*~tactically~*~*~ (cloud).
  5994 | D:6      | 5994 ||| DROPPING +1 war axe of distortion.
  5997 | D:6      | Noticed Blork the orc
  5998 | D:6      | 5998 ||| Stepping ~*~*~tactically~*~*~ (hiding).
  5999 | D:6      | 5999 ||| Stepping ~*~*~tactically~*~*~ (hiding).
  6000 | D:6      | 6000 ||| Stepping ~*~*~tactically~*~*~ (hiding).
  6001 | D:6      | 6001 ||| Stepping ~*~*~tactically~*~*~ (stealth).
  6009 | D:6      | Killed Blork the orc
  6031 | D:6      | 6031 ||| FLEEEEING.
  6032 | D:6      | 6032 ||| FLEEEEING.
  6033 | D:6      | 6033 ||| FLEEEEING.
  6034 | D:6      | 6034 ||| FLEEEEING.
  6035 | D:6      | 6035 ||| FLEEEEING.
  6036 | D:6      | 6036 ||| FLEEEEING.
  6037 | D:6      | 6037 ||| FLEEEEING.
  6038 | D:6      | 6038 ||| FLEEEEING.
  6039 | D:6      | 6039 ||| FLEEEEING.
  6040 | D:6      | 6040 ||| FLEEEEING.
  6041 | D:6      | 6041 ||| STAIRDANCE
  6348 | D:6      | Found a shadowy altar of Dithmenos.
  6362 | D:6      | Reached skill level 12 in Axes
  6521 | D:6      | Found a hazy altar of Hepliaklqana.
  6524 | D:6      | 6524 ||| INVOKING Sacrifice Experience.
  6524 | D:6      | Gained mutation: You are somewhat inexperienced. (-1 XL)
                  | [Ru sacrifice]
  6524 | D:6      | Reached XP level 7. HP: 63/63 MP: 6/6
  6524 | D:6      | Reached * piety under Ru
  6627 | D:6      | 6627 ||| UPGRADING to +0 cloak.
  6632 | D:6      | 6632 ||| UPGRADING to amulet of guardian spirit.
  6637 | D:6      | 6637 ||| READING 2 scrolls of identify.
  6637 | D:6      | 6637 ||| IDENTIFYING cyan potion
  6638 | D:6      | 6638 ||| DROPPING potion of invisibility.
  6652 | D:7      | Noticed a two-headed ogre
  6663 | D:7      | Killed a two-headed ogre
  6664 | D:7      | Reached XP level 8. HP: 59/75 MP: 4/7
  7046 | D:7      | Reached skill level 6 in Armour
  7287 | D:7      | Found a runed translucent door.
  7288 | D:7      | Noticed Crazy Yiuf
  7469 | D:7      | 7469 ||| Stepping ~*~*~tactically~*~*~ (hiding).
  7482 | D:7      | 7482 ||| Stepping ~*~*~tactically~*~*~ (hiding).
  7489 | D:7      | Reached skill level 13 in Axes
  7628 | D:7      | 7628 ||| Stepping ~*~*~tactically~*~*~ (hiding).
  7928 | D:7      | Reached skill level 1 in Throwing
  8016 | D:7      | Noticed Joseph
  8030 | D:7      | Killed Joseph
  8300 | D:7      | 8300 ||| DRINKING 2 bubbling coppery potions.
  8301 | D:7      | 8301 ||| READING 2 scrolls of identify.
  8301 | D:7      | 8301 ||| IDENTIFYING sapphire potion
  8356 | D:8      | 8356 ||| Stepping ~*~*~tactically~*~*~ (hiding).
  8362 | D:8      | Reached XP level 9. HP: 82/82 MP: 8/8
  8367 | D:8      | 8367 ||| STAIRDANCE
  8370 | D:7      | 8370 ||| DRINKING 4 potions of curing.
  8370 | D:7      | 8370 ||| (to cure confusion)
  8480 | D:8      | 8480 ||| Stepping ~*~*~tactically~*~*~ (hiding).
  8674 | D:8      | Reached skill level 14 in Axes
  9013 | D:8      | 9013 ||| Stepping ~*~*~tactically~*~*~ (hiding).
  9031 | D:8      | 9031 ||| INVOKING Sacrifice Arcana.
  9031 | D:8      | Gained mutation: You cannot study or cast Ice magic. [Ru
                  | sacrifice]
  9031 | D:8      | Gained mutation: You cannot study or cast Hexes magic. [Ru
                  | sacrifice]
  9031 | D:8      | Gained mutation: You cannot study or cast Necromancy magic.
                  | [Ru sacrifice]
  9031 | D:8      | Reached ** piety under Ru
  9072 | D:8      | 9072 ||| Stepping ~*~*~tactically~*~*~ (hiding).
  9087 | D:8      | 9087 ||| Stepping ~*~*~tactically~*~*~ (cloud).
  9088 | D:8      | 9088 ||| Stepping ~*~*~tactically~*~*~ (cloud).
  9517 | D:8      | 9517 ||| READING scroll labelled SUAKKI YHEENNE.
  9518 | D:8      | 9518 ||| READING scroll labelled MUNOMNUXZA.
  9519 | D:8      | 9519 ||| DRINKING 2 clear potions.
  9519 | D:8      | Gained mutation: You expend magic power (3 MP) to
                  | strengthen your wands. [potion of mutation]
  9519 | D:8      | Gained mutation: You sometimes lose your temper in combat.
                  | [potion of mutation]
  9519 | D:8      | Gained mutation: You have a beak for a mouth. [potion of
                  | mutation]
  9520 | D:8      | 9520 ||| DRINKING potion of mutation.
  9520 | D:8      | Lost mutation: You have a beak for a mouth. [potion of
                  | mutation]
  9520 | D:8      | Lost mutation: You expend magic power (3 MP) to strengthen
                  | your wands. [potion of mutation]
  9520 | D:8      | Lost mutation: You sometimes lose your temper in combat.
                  | [potion of mutation]
  9520 | D:8      | Gained mutation: Your spells are a little easier to cast,
                  | but a little less powerful. [potion of mutation]
  9520 | D:8      | Gained mutation: Potions are less effective at restoring
                  | your health. [potion of mutation]
  9520 | D:8      | Gained mutation: You are partially covered in iridescent
                  | scales. (AC +2) [potion of mutation]
  9521 | D:8      | 9521 ||| READING 3 scrolls of identify.
  9521 | D:8      | 9521 ||| IDENTIFYING sedimented puce potion
  9522 | D:8      | 9522 ||| READING 2 scrolls of identify.
  9522 | D:8      | 9522 ||| IDENTIFYING purple potion
  9523 | D:8      | 9523 ||| DROPPING potion of flight.
  9524 | D:8      | 9524 ||| DROPPING potion of degeneration.
  9651 | D:9      | 9651 ||| Stepping ~*~*~tactically~*~*~ (stealth).
  9738 | D:9      | Reached skill level 15 in Axes
  9821 | D:9      | Found a staircase to the Lair.
  9923 | D:9      | 9923 ||| Stepping ~*~*~tactically~*~*~ (hiding).
  9932 | D:9      | 9932 ||| Stepping ~*~*~tactically~*~*~ (stealth).
  9933 | D:9      | 9933 ||| Stepping ~*~*~tactically~*~*~ (stealth).
  9936 | D:9      | Reached skill level 9 in Fighting
  9942 | D:9      | Noticed a two-headed ogre
  9943 | D:9      | 9943 ||| Stepping ~*~*~tactically~*~*~ (stealth).
  9953 | D:9      | Killed a two-headed ogre
  9975 | D:9      | 9975 ||| Stepping ~*~*~tactically~*~*~ (stealth).
  9996 | D:9      | Noticed a gargoyle
  9997 | D:9      | 9997 ||| Stepping ~*~*~tactically~*~*~ (stealth).
  9998 | D:9      | 9998 ||| Stepping ~*~*~tactically~*~*~ (stealth).
 10000 | D:9      | 10000 ||| Stepping ~*~*~tactically~*~*~ (hiding).
 10001 | D:9      | 10001 ||| Stepping ~*~*~tactically~*~*~ (hiding).
 10007 | D:9      | Killed a gargoyle
 10008 | D:9      | Reached skill level 16 in Axes
 10169 | D:9      | 10169 ||| READING 2 scrolls of teleportation.
 10204 | D:9      | 10204 ||| Stepping ~*~*~tactically~*~*~ (stealth).
 10219 | D:9      | 10219 ||| Stepping ~*~*~tactically~*~*~ (stealth).
 10220 | D:9      | 10220 ||| Stepping ~*~*~tactically~*~*~ (stealth).
 10221 | D:9      | 10221 ||| Stepping ~*~*~tactically~*~*~ (stealth).
 10222 | D:9      | 10222 ||| Stepping ~*~*~tactically~*~*~ (stealth).
 10223 | D:9      | 10223 ||| Stepping ~*~*~tactically~*~*~ (stealth).
 10224 | D:9      | 10224 ||| Stepping ~*~*~tactically~*~*~ (stealth).
 10226 | D:9      | 10226 ||| Stepping ~*~*~tactically~*~*~ (stealth).
 10284 | D:9      | 10284 ||| Stepping ~*~*~tactically~*~*~ (hiding).
 10286 | D:9      | Found a glowing golden altar of the Shining One.
 10335 | D:9      | Reached skill level 6 in Shields
 10559 | D:9      | Reached XP level 10. HP: 80/91 MP: 5/9
 10743 | D:9      | 10743 ||| READING 2 scrolls of identify.
 10743 | D:9      | 10743 ||| IDENTIFYING dark potion
 10744 | D:9      | 10744 ||| DROPPING potion of attraction.
 10745 | D:9      | 10745 ||| READING scroll of teleportation.
 10811 | D:9      | Reached skill level 3 in Dodging
 10848 | D:9      | 10848 ||| Stepping randomly (stuck).
 10849 | D:9      | 10849 ||| Stepping randomly (stuck).
 10850 | D:9      | 10850 ||| Stepping randomly (stuck).
 10851 | D:9      | 10851 ||| Stepping randomly (stuck).
 10852 | D:9      | 10852 ||| Stepping randomly (stuck).
 10853 | D:9      | 10853 ||| Stepping randomly (stuck).
 10854 | D:9      | 10854 ||| Stepping randomly (stuck).
 10855 | D:9      | 10855 ||| Stepping randomly (stuck).
 10856 | D:9      | 10856 ||| Stepping randomly (stuck).
 10857 | D:9      | 10857 ||| Stepping randomly (stuck).
 10858 | D:9      | 10858 ||| Stepping randomly (stuck).
 10859 | D:9      | 10859 ||| Stepping randomly (stuck).
 10860 | D:9      | 10860 ||| Stepping randomly (stuck).
 10861 | D:9      | 10861 ||| Stepping randomly (stuck).
 10862 | D:9      | 10862 ||| Stepping randomly (stuck).
 10863 | D:9      | 10863 ||| Stepping randomly (stuck).
 10864 | D:9      | 10864 ||| Stepping randomly (stuck).
 10872 | D:9      | 10872 ||| Stepping randomly (stuck).
 10873 | D:9      | 10873 ||| Stepping randomly (stuck).
 10874 | D:9      | 10874 ||| Stepping randomly (stuck).
 10875 | D:9      | 10875 ||| Stepping randomly (stuck).
 10876 | D:9      | 10876 ||| Stepping randomly (stuck).
 10877 | D:9      | 10877 ||| Stepping randomly (stuck).
 10878 | D:9      | 10878 ||| Stepping randomly (stuck).
 10879 | D:9      | 10879 ||| Stepping randomly (stuck).
 10880 | D:9      | 10880 ||| Stepping randomly (stuck).
 10881 | D:9      | 10881 ||| Stepping randomly (stuck).
 10882 | D:9      | 10882 ||| Stepping randomly (stuck).
 10883 | D:9      | 10883 ||| Stepping randomly (stuck).
 10891 | D:9      | 10891 ||| Stepping randomly (stuck).
 10892 | D:9      | 10892 ||| Stepping randomly (stuck).
 10893 | D:9      | 10893 ||| Stepping randomly (stuck).
 10894 | D:9      | 10894 ||| Stepping randomly (stuck).
 10895 | D:9      | 10895 ||| Stepping randomly (stuck).
 10896 | D:9      | 10896 ||| Stepping randomly (stuck).
 10897 | D:9      | 10897 ||| Stepping randomly (stuck).
 10898 | D:9      | 10898 ||| Stepping randomly (stuck).
 10899 | D:9      | 10899 ||| Stepping randomly (stuck).
 10900 | D:9      | 10900 ||| Stepping randomly (stuck).
 10901 | D:9      | 10901 ||| Stepping randomly (stuck).
 10902 | D:9      | 10902 ||| Stepping randomly (stuck).
 10903 | D:9      | 10903 ||| Stepping randomly (stuck).
 10904 | D:9      | 10904 ||| Stepping randomly (stuck).
 10905 | D:9      | 10905 ||| Stepping randomly (stuck).
 10906 | D:9      | 10906 ||| Stepping randomly (stuck).
 10907 | D:9      | 10907 ||| Stepping randomly (stuck).
 10908 | D:9      | 10908 ||| Stepping randomly (stuck).
 10911 | D:9      | 10911 ||| Stepping ~*~*~tactically~*~*~ (hiding).
 10924 | D:9      | 10924 ||| Stepping randomly (stuck).
 10926 | D:9      | 10926 ||| Stepping randomly (stuck).
 10927 | D:9      | 10927 ||| Stepping randomly (stuck).
 10928 | D:9      | 10928 ||| Stepping randomly (stuck).
 10929 | D:9      | 10929 ||| Stepping randomly (stuck).
 10930 | D:9      | 10930 ||| Stepping randomly (stuck).
 10931 | D:9      | 10931 ||| Stepping randomly (stuck).
 10932 | D:9      | 10932 ||| Stepping randomly (stuck).
 10933 | D:9      | 10933 ||| Stepping randomly (stuck).
 10934 | D:9      | 10934 ||| Stepping randomly (stuck).
 10935 | D:9      | 10935 ||| Stepping randomly (stuck).
 10936 | D:9      | 10936 ||| Stepping randomly (stuck).
 10937 | D:9      | 10937 ||| Stepping randomly (stuck).
 10938 | D:9      | 10938 ||| Stepping randomly (stuck).
 10939 | D:9      | 10939 ||| Stepping randomly (stuck).
 10941 | D:9      | 10941 ||| Stepping randomly (stuck).
 10942 | D:9      | 10942 ||| Stepping randomly (stuck).
 10944 | D:9      | 10944 ||| Stepping randomly (stuck).
 10945 | D:9      | 10945 ||| Stepping randomly (stuck).
 10946 | D:9      | 10946 ||| Stepping randomly (stuck).
 10947 | D:9      | 10947 ||| Stepping randomly (stuck).
 10948 | D:9      | 10948 ||| Stepping randomly (stuck).
 10949 | D:9      | 10949 ||| Stepping randomly (stuck).
 10951 | D:9      | 10951 ||| Stepping randomly (stuck).
 10953 | D:9      | 10953 ||| Stepping randomly (stuck).
 10955 | D:9      | 10955 ||| Stepping randomly (stuck).
 10957 | D:9      | 10957 ||| Stepping randomly (stuck).
 10958 | D:9      | 10958 ||| Stepping randomly (stuck).
 10993 | D:9      | 10993 ||| Stepping ~*~*~tactically~*~*~ (stealth).
 11109 | D:9      | 11109 ||| DROPPING +0 flail.
 11146 | D:9      | 11146 ||| Stepping ~*~*~tactically~*~*~ (stealth).
 11147 | D:9      | 11147 ||| Stepping ~*~*~tactically~*~*~ (stealth).
 11148 | D:9      | 11148 ||| Stepping randomly (stuck).
 11149 | D:9      | 11149 ||| Stepping randomly (stuck).
 11150 | D:9      | 11150 ||| Stepping randomly (stuck).
 11151 | D:9      | 11151 ||| Stepping randomly (stuck).
 11153 | D:9      | 11153 ||| Stepping randomly (stuck).
 11154 | D:9      | 11154 ||| Stepping randomly (stuck).
 11155 | D:9      | 11155 ||| Stepping randomly (stuck).
 11156 | D:9      | 11156 ||| Stepping randomly (stuck).
 11157 | D:9      | 11157 ||| Stepping randomly (stuck).
 11158 | D:9      | 11158 ||| Stepping randomly (stuck).
 11159 | D:9      | 11159 ||| Stepping randomly (stuck).
 11160 | D:9      | 11160 ||| Stepping randomly (stuck).
 11161 | D:9      | 11161 ||| Stepping randomly (stuck).
 11162 | D:9      | 11162 ||| Stepping randomly (stuck).
 11163 | D:9      | 11163 ||| Stepping randomly (stuck).
 11164 | D:9      | 11164 ||| Stepping randomly (stuck).
 11165 | D:9      | 11165 ||| Stepping randomly (stuck).
 11166 | D:9      | 11166 ||| Stepping randomly (stuck).
 11183 | D:9      | Reached skill level 17 in Axes
 11221 | D:9      | 11221 ||| Stepping ~*~*~tactically~*~*~ (stealth).
 11228 | D:9      | 11228 ||| Stepping ~*~*~tactically~*~*~ (stealth).
 11229 | D:9      | 11229 ||| Stepping ~*~*~tactically~*~*~ (stealth).
 11246 | D:9      | 11246 ||| Stepping ~*~*~tactically~*~*~ (stealth).
 11281 | D:9      | 11281 ||| READING 3 scrolls labelled YCAADD GIC APHUF.
 11282 | D:9      | 11282 ||| DROPPING 2 scrolls of blinking.
 11369 | D:10     | Entered Level 10 of the Dungeon
 11384 | D:10     | 11384 ||| FLEEEEING.
 11386 | D:10     | 11386 ||| FLEEEEING.
 11387 | D:10     | 11387 ||| FLEEEEING.
 11388 | D:10     | 11388 ||| FLEEEEING.
 11389 | D:10     | 11389 ||| FLEEEEING.
 11390 | D:10     | 11390 ||| FLEEEEING.
 11391 | D:10     | 11391 ||| FLEEEEING.
 11392 | D:10     | 11392 ||| STAIRDANCE
 11494 | D:9      | 11494 ||| DROPPING ring of magical power.
 11504 | D:10     | 11504 ||| STAIRDANCE
 11610 | D:10     | Found Uxereysm's Magic Scroll Emporium.
 11616 | D:10     | 11616 ||| BUYING 3 scrolls of teleportation (117 gold).
 11616 | D:10     | Bought 3 scrolls of teleportation for 117 gold pieces
 11616 | D:10     | 11616 ||| BUYING scroll of identify (26 gold).
 11616 | D:10     | Bought a scroll of identify for 26 gold pieces
 11616 | D:10     | 11616 ||| BUYING scroll of identify (26 gold).
 11616 | D:10     | Bought a scroll of identify for 26 gold pieces
 11716 | D:10     | 11716 ||| Stepping ~*~*~tactically~*~*~ (stealth).
 11717 | D:10     | 11717 ||| Stepping ~*~*~tactically~*~*~ (stealth).
 11760 | D:10     | Found a flagged portal.
 11856 | D:10     | 11856 ||| INVOKING Sacrifice Love.
 11856 | D:10     | Gained mutation: You are hated by all. [Ru sacrifice]
 11856 | D:10     | Reached *** piety under Ru
 11856 | D:10     | Reached **** piety under Ru
 12420 | D:10     | Found a shimmering blue altar of Sif Muna.
 12421 | D:10     | 12421 ||| Stepping ~*~*~tactically~*~*~ (stealth).
 12430 | D:10     | 12430 ||| Stepping ~*~*~tactically~*~*~ (stealth).
 12445 | D:10     | 12445 ||| Stepping ~*~*~tactically~*~*~ (stealth).
 12446 | D:10     | 12446 ||| Stepping ~*~*~tactically~*~*~ (stealth).
 12773 | D:10     | 12773 ||| PLANNING LAIR
 12773 | D:10     | 12773 ||| DROPPING ring of flight.
 12774 | D:10     | 12774 ||| READING scroll labelled RUCIMYFILUD.
 12937 | D:10     | 12937 ||| READING 4 scrolls of identify.
 12937 | D:10     | 12937 ||| IDENTIFYING golden potion
 12938 | D:10     | 12938 ||| READING 3 scrolls of identify.
 12938 | D:10     | 12938 ||| IDENTIFYING fuming emerald potion
 12939 | D:10     | 12939 ||| DROPPING potion of lignification.
 12984 | Lair:1   | Entered Level 1 of the Lair of Beasts
 13050 | Lair:1   | Found a stormy altar of Qazlal.
 13050 | Lair:1   | Noticed an oklob plant
 13062 | Lair:1   | Killed an oklob plant
 13063 | Lair:1   | Reached skill level 9 in Armour
 13430 | Lair:1   | Noticed a six-headed hydra
 13431 | Lair:1   | 13431 ||| SWAPPING to +0 morningstar.
 13438 | Lair:1   | 13438 ||| SWAPPING to +0 war axe.
 13448 | Lair:1   | 13448 ||| SWAPPING to +0 morningstar.
 13450 | Lair:1   | 13450 ||| Stepping ~*~*~tactically~*~*~ (outnumbered).
 13454 | Lair:1   | Killed a six-headed hydra
 13455 | Lair:1   | 13455 ||| SWAPPING to +0 war axe.
 13904 | Lair:1   | Noticed an oklob plant
 13905 | Lair:1   | Noticed an oklob plant
 13916 | Lair:1   | Killed an oklob plant
 13920 | Lair:1   | Killed from afar by an oklob plant

Levels and vault maps discovered:
D:1:      lightli_arrival_statue_moat, layout_basic,
          hellmonk_ecumenical_altar_arch_garden
D:2:      layout_basic, uniq_natasha
D:3:      layout_loops_ring, gammafunk_temple_overflow_wave, serial_shops,
          nicolae_shop_bloodbath_and_beyond, minmay_hedge_maze,
          chequers_serial_rivers_micro_b, minmay_misc_feat_tower,
          minmay_increasing_density, uniq_ijyb, uniq_terence, uniq_sigmund
D:4:      layout_cave_pods, serial_shops, shop_statue, gammafunk_ghost_smash,
          minmay_misc_feat_secret_circle, grunt_ministairs_6
D:5:      layout_loops_ring, grunt_temple_overflow_growth_and_decay,
          minmay_temple_entry_tees, kennysheep_generic_room_6
D:6:      layout_cave_pools, mainiacjoe_overflow_catwalk,
          grunt_dithmenos_shadows, chequers_serial_rivers_marsh,
          uniq_blork_the_orc
D:7:      layout_basic, uniq_crazy_yiuf_cottage, uniq_joseph
D:8:      layout_loops_corners
D:9:      kennysheep_windowed_halls, layout_irregular_city, tso_altar,
          minmay_lair_entry_grove, minmay_splitting_lines, minmay_misc_feat_chi
D:10:     layout_stronghold, mainiacjoe_overflow_alcove_2, enter_bailey_2,
          serial_shops, kennysheep_little_box
Temple:   eino_temple_water
Lair:1:   dragon1_lemuel, layout_regular_city, hangedman_tree_tricks,
          nicolae_lair_lil_pond, lemuel_oklob_altar

Skill      XL: |  1  2  3  4  5  6  7  8  9 10 |
---------------+-------------------------------+-----
Axes           | 3 4 5 6 7 10 13 16 17 | 17.0
Dodging        | 1 2 3 |  3.3
Fighting       | 5 8 6 9 11 | 11.0
Armour         | 4 6 7 9 |  9.6
Shields        | 5 6 7 |  7.1
Throwing       | 1 |  1.8

Action                   |  1- 3 |  4- 6 |  7- 9 | 10-12 || total
-------------------------+-------+-------+-------+-------++-------
Melee: War axe           |    67 |   112 |   429 |   232 ||   840
       Headbutt          |     9 |    21 |    77 |    59 ||   166
       Morningstar       |       |       |       |     8 ||     8
Throw: Boomerang         |       |       |    33 |       ||    33
Invok: Sacrifice Experie |       |       |     1 |       ||     1
       Sacrifice Arcana  |       |       |     1 |       ||     1
       Sacrifice Love    |       |       |       |     1 ||     1
  Use: Scroll            |     4 |     4 |     9 |     6 ||    23
       Potion            |     1 |       |     4 |       ||     5
 Stab: Distracted        |       |     1 |       |       ||     1
       Invisible         |       |       |       |     2 ||     2
Armor: Scale mail        |    13 |       |       |       ||    13
       Chain mail        |    23 |    20 |       |       ||    43
       Plate armour      |       |    14 |   157 |    84 ||   255
Dodge: Dodged            |    23 |    32 |   134 |    88 ||   277
Block: Buckler           |    11 |     8 |    80 |    46 ||   145

Table legend:
 A = Non-vault XP
 B = Vault XP
 C = Vault XP percentage of total XP
 D = Non-vault monster count
 E = Vault monster count
 F = Vault count percentage of total count
                 A         B        C        D         E       F
            +---------+---------+-------+---------+---------+-------
      Total |   13731 |    7185 |  34.4 |     224 |      52 |  18.8
            +---------+---------+-------+---------+---------+-------
        D:1 |      36 |       0 |   0.0 |      22 |       0 |   0.0
        D:2 |     182 |      35 |  16.1 |      30 |       1 |   3.2
        D:3 |      92 |     254 |  73.4 |      23 |       5 |  17.9
        D:4 |     580 |     239 |  29.2 |      22 |       6 |  21.4
        D:5 |     550 |     183 |  25.0 |      10 |       3 |  23.1
        D:6 |     330 |     198 |  37.5 |       9 |       2 |  18.2
        D:7 |    2350 |     466 |  16.5 |      29 |       1 |   3.3
        D:8 |    1361 |       0 |   0.0 |      25 |       0 |   0.0
        D:9 |    3803 |    4703 |  55.3 |      27 |      32 |  54.2
       D:10 |    1534 |       0 |   0.0 |      17 |       0 |   0.0
     Lair:1 |    2913 |    1107 |  27.5 |      10 |       2 |  16.7
            +---------+---------+-------+---------+---------+-------
